 Dungeon Crawl Stone Soup version 0.27-a0-1196-g3e9cee4cb2 (webtiles) character file.

Game seed: 11729224078875396594

166 lightspider the Skirmisher (level 5, -4/46 HPs)
             Began as a Draconian Monk on May 28, 2021.
             Killed by nerve-wracking pain
             ... invoked by Grinder
              (14 damage)
             ... while paralysed by Grinder
             ... on level 3 of the Dungeon.
             The game lasted 00:10:18 (3310 turns).

lightspider the Skirmisher (Draconian Monk)         Turns: 3310, Time: 00:10:18

Health: -4/46      AC:  7    Str: 14    XL:     5   Next: 22%
Magic:  5/5        EV:  2    Int: 10    God:
Gold:   142        SH:  0    Dex: 14    Spells: 3/4 levels left

rFire    . . .     SeeInvis .   a - +0 spear
rCold    . . .     Faith    .   (no shield)
rNeg     . . .     Spirit   .   (armour unavailable)
rPois    .         Reflect  .   (helmet restricted)
rElec    .         Harm     .   (no cloak)
rCorr    .         Rampage  .   h - +0 pair of gloves
Will     .....                  e - +0 pair of boots
Stlth    ++........             (no amulet)
HPRegen  0.15/turn              g - +4 ring of evasion
MPRegen  0.09/turn              (no ring)

@: paralysed
A: AC +5, unfitting armour, cold-blooded
a: no special abilities


You were on level 3 of the Dungeon.
You visited 1 branch of the dungeon, and saw 3 of its levels.

You collected 142 gold pieces.

Inventory:

Hand Weapons
 a - a +0 spear (weapon)
Missiles
 d - a poisoned dart (quivered)
Armour
 e - a +0 pair of boots (worn)
 h - a +0 pair of gloves (worn)
Jewellery
 g - a +4 ring of evasion (left hand)
Scrolls
 b - 4 scrolls of identify {unknown}
 c - 3 scrolls of noise {unknown}
 i - 2 scrolls of teleportation {unknown}
 j - 2 scrolls of holy word {unknown}
 o - a scroll of silence {unknown}
Potions
 f - a potion of heal wounds
 k - a potion of haste {unknown}
 m - a potion of lignification {unknown}
 n - a potion of degeneration {unknown}


   Skills:
 + Level 4.3 Fighting
 + Level 4.0 Polearms
 + Level 3.5 Dodging
 - Level 2.8 Stealth
 + Level 0.1 Spellcasting
 + Level 0.1 Hexes


You had 3 spell levels left.
You knew the following spells:

 Your Spells              Type           Power      Damage    Failure   Level
a - Corona                Hex            0%         N/A       36%         1

Your spell library contained the following spells:

 Spells                   Type           Power      Damage    Failure   Level
 Ensorcelled Hibernation  Hex/Ice        0%         N/A       50%         2
 Confusing Touch          Hex            0%         N/A       73%         3
 Tukima's Dance           Hex            0%         N/A       73%         3
 Dazzling Flash           Conj/Hex       0%         N/A       75%         3


Dungeon Overview and Level Annotations

Branches:
Dungeon (3/15)

Altars:
Okawaru

Annotations:
D:3 2 transporters, 1 runed translucent door, Crazy Yiuf; Grinder; oc3rt's ghost, weakling SpVM


Innate Abilities, Weirdness & Mutations

Your plain brown scales are hard. (AC +5)
You cannot fit into any form of body armour.
You are cold-blooded and may be slowed by cold attacks.


Message History

The throwing net closely misses Grinder.
Grinder hits you but does no damage.
You barely miss Grinder. You tail-slap Grinder.
Grinder is almost dead.
Grinder closely misses you.
You hit Grinder but do no damage.
Your tail-slap misses Grinder.
Grinder is almost dead.
Grinder hits you.
* * * LOW HITPOINT WARNING * * *
You writhe in agony.
* * * LOW HITPOINT WARNING * * *
You closely miss Grinder.
Your tail-slap misses Grinder.
Grinder is almost dead.
Grinder blinks!
Throw: 2 darts (poison)
Press: ? - help, Q - select action, (/) - cycle Shift-Dir - straight line, f/p - Grinder
Aim: Grinder (almost dead, 57% to hit)
You throw a poisoned dart. The poisoned dart hits Grinder.
Grinder is almost dead.
Throw: dart (poison)
Press: ? - help, Q - select action, (/) - cycle Shift-Dir - straight line, f/p - Grinder
Aim: Grinder (almost dead, 57% to hit)
You throw a poisoned dart. The poisoned dart hits Grinder.
Grinder is almost dead.
Unknown command.
You see here a poisoned dart.
d - a poisoned dart Grinder says, "Are you a fish?"
Grinder blinks!
You are too injured to fight recklessly!
Reach: a) +0 spear
Press: ? - help, Dir - move target, f/p - Grinder
Aim: Grinder (almost dead, about 38% to evade your +0 spear)
You reach to attack!
You hit Grinder.
Grinder is almost dead.
Grinder gestures at you.
You suddenly lose the ability to move!
Grinder gestures at you. Pain shoots through your body!
You die...

#.# # #.# ...
#.# ### #.#
.. #.# ###
#.# # #.# .#
#(########..#
#(..?(5.@.((#
##########..+
.# #


You could see Grinder.

Vanquished Creatures
  Natasha (thrice) (D:2)
  A gnoll (D:1)
  An adder (D:2)
  2 worms
  4 orcs (D:3)
  3 endoplasms
  3 giant cockroaches
  4 goblins
  6 hobgoblins
  10 jackals
  3 quokkas (D:1)
  3 ball pythons (D:1)
  6 bats
  A frilled lizard (D:1)
  6 kobolds
  7 rats
63 creatures vanquished.

Notes
Turn   | Place    | Note
-------+----------+-------------------------------------------
     0 | D:1      | lightspider the Draconian Monk began the quest for the Orb.
     0 | D:1      | Reached XP level 1. HP: 19/19 MP: 1/1
   154 | D:1      | Reached XP level 2. HP: 11/26 MP: 2/2
   656 | D:1      | Reached XP level 3. HP: 31/31 MP: 3/3
  1476 | D:2      | Noticed Natasha
  1486 | D:2      | Killed Natasha
  1487 | D:2      | Reached XP level 4. HP: 29/40 MP: 4/4
  1869 | D:2      | Noticed Natasha
  1876 | D:2      | Killed Natasha
  1981 | D:2      | Found a faded altar of an unknown god.
  2066 | D:2      | Noticed Natasha
  2086 | D:2      | Killed Natasha
  2087 | D:2      | Reached XP level 5. HP: 31/46 MP: 5/5
  2842 | D:3      | Learned a level 1 spell: Corona
  2979 | D:3      | Found an iron altar of Okawaru.
  3009 | D:3      | Found a transporter.
  3046 | D:3      | Found a runed translucent door.
  3047 | D:3      | Noticed Crazy Yiuf
  3065 | D:3      | Noticed oc3rt's ghost (weakling SpVM)
  3079 | D:3      | Found a transporter.
  3246 | D:3      | Noticed Grinder
  3256 | D:3      | Paralysed by Grinder for 7 turns
  3270 | D:3      | Paralysed by Grinder for 5 turns
  3279 | D:3      | Paralysed by Grinder for 6 turns
  3289 | D:3      | Paralysed by Grinder for 4 turns
  3309 | D:3      | Paralysed by Grinder for 4 turns
  3310 | D:3      | Killed from afar by Grinder

Illustrated notes

Levels and vault maps discovered:
D:1:      minmay_arrival_solitary_statue, layout_rooms, amethyst_killhole,
          st_stairs_2
D:2:      layout_basic, shapermc_ecumenical_altar_mp_vishouse, uniq_natasha
D:3:      layout_basic, okawaru_trees_1, gammafunk_ghost_arena,
          minmay_quadrilaterals, uniq_crazy_yiuf_cottage, uniq_grinder

Skill      XL: |  1  2  3  4 |
---------------+-------------+-----
Dodging        | 3 |  3.5
Stealth        | 2 |  2.8
Fighting       | 4 |  4.3
Polearms       | 4 |  4.0
Spellcasting   | |  0.1
Hexes          | |  0.1

Action                   |  1- 3 |  4- 6 || total
-------------------------+-------+-------++-------
Melee: Spear             |   150 |   105 ||   255
       Tailslap          |    18 |    17 ||    35
Throw: Dart              |       |     8 ||     8
       Throwing net      |       |     1 ||     1
 Cast: Corona            |       |     2 ||     2
  Use: Potion            |       |     1 ||     1
 Stab: Sleeping          |     8 |     6 ||    14
Armor: Skin              |    18 |    15 ||    33
Dodge: Dodged            |    87 |    44 ||   131

Table legend: (Time is in decaauts)
 A = Elapsed time spent in this place.
 B = Non-inter-level travel time spent in this place.
 C = Inter-level travel time spent in this place.
 D = Time resting spent in this place.
 E = Time spent auto-exploring this place.
 F = Levels seen in this place.
 G = Mean time per level.
                   A        B        C        D        E       F      G
               +--------+--------+--------+--------+--------+-----+--------+
         Total |   3297 |   2821 |    476 |    361 |   1719 |   3 | 1099.0 |
       Dungeon |   3297 |   2821 |    476 |    361 |   1719 |   3 | 1099.0 |
               +--------+--------+--------+--------+--------+-----+--------+

Top non-repeatable levels by time:
     D:2: 1834 daAuts
     D:1: 801 daAuts
     D:3: 661 daAuts
